 Dungeon Crawl Stone Soup version 0.31.0-32-g396128a36d (webtiles) character file.

Game seed: 15658496937161070962

1969 Dadi the Basher (level 9, -4/74 HPs)
             Began as a Demonspawn Gladiator on Mar 27, 2024.
             Was an Initiate of Trog.
             Slain by an orc warrior
             ... wielding a +0 flail
             ... led by the fury of Okawaru
              (10 damage)
             ... on level 9 of the Dungeon.
             The game lasted 00:17:01 (6734 turns).

Dadi the Basher (Demonspawn Gladiator)              Turns: 6734, Time: 00:17:02

Health: -4/74      AC: 15    Str: 24    XL:     9   Next: 0%
Magic:  0/9        EV: 11    Int:  9    God:    Trog [......]
Gold:   395        SH:  4    Dex: 15    Spells: 8/8 levels left

rFire   . . .        y - +0 morningstar
rCold   + . .        (no shield)
rNeg    . . .        l - +2 scale mail {rC+}
rPois   .            c - +0 helmet
rElec   .            (no cloak)
rCorr   .            k - +0 pair of gloves
SInv    .            (no boots)
Will    .....        C - amulet of guardian spirit Stlth
                     e - +6 ring of strength
HPRegen 0.32/turn    (no ring)
MPRegen 0.11/turn

%: guardian spirit
@: no status effects
A: rugged brown scales 1, demonic guardian 2, icemail 1, condensation shield,
weakness stinger 1
a: Renounce Religion


You were on level 9 of the Dungeon.
You worshipped Trog.
Trog was noncommittal.
You visited 1 branch of the dungeon, and saw 9 of its levels.

You collected 395 gold pieces.

Inventory:

Hand Weapons
 a - a +0 flail
 j - a +2 vampiric spear
 y - a +0 morningstar (weapon)
Missiles
 d - 2 throwing nets (quivered)
Armour
 b - a +0 leather armour
 c - a +0 helmet (worn)
 k - a +0 pair of gloves (worn)
 l - a +2 scale mail of cold resistance (worn)
Jewellery
 e - a +6 ring of strength (left hand)
 v - an amulet of magic regeneration
 C - an amulet of guardian spirit (around neck)
Wands
 r - a wand of roots (20)
 E - a wand of polymorph (3)
Scrolls
 f - a scroll of teleportation
 m - 2 scrolls of poison
 p - 3 scrolls of identify
 q - 3 scrolls of blinking {unknown}
 u - 2 scrolls of acquirement {unknown}
 w - a scroll of enchant armour {unknown}
 x - a scroll of immolation {unknown}
 B - 2 scrolls of fog {unknown}
 G - a scroll of revelation {unknown}
 H - a scroll of vulnerability {unknown}
 I - a scroll of amnesia {unknown}
Potions
 h - a potion of heal wounds {unknown}
 i - 3 potions of haste {unknown}
 n - 4 potions of curing {unknown}
 o - 2 potions of degeneration {unknown}
 s - a potion of lignification {unknown}
 t - a potion of cancellation {unknown}
 z - a potion of enlightenment {unknown}
 A - a potion of attraction {unknown}
 D - a potion of mutation {unknown}
 F - a potion of might {unknown}


   Skills:
 - Level 7.0 Fighting
 * Level 9.3 Maces & Flails
 - Level 1.7 Throwing
 - Level 2.6 Dodging


You had 8 spell levels left.
You didn't know any spells.
Your spell library contained the following spells:

 Spells                   Type           Power      Damage    Failure   Level
 Summon Small Mammal      Summ           0%         N/A       71%         1
 Call Canine Familiar     Summ           0%         N/A       97%         3
 Gell's Gravitas          Tloc           0%         N/A       97%         3
 Teleport Other           Tloc           0%         N/A       97%         3
 Summon Blazeheart Golem  Fire/Summ      0%         N/A       100%        4
 Dispersal                Tloc           0%         N/A       100%        6


Dungeon Overview and Level Annotations

Branches:
Dungeon (9/15)
 Temple: D:4-7         Lair: D:8-11         Orc: D:9-12

Altars:
Nemelex Xobeh
Okawaru
Qazlal
Ru
Trog
Uskayaw
Vehumet

Annotations:
D:4 3 runed translucent doors, Route97's ghost, amateur OpFE
D:9 1 runed translucent door


Innate Abilities, Weirdness & Mutations

You are partially covered in rugged brown scales. (AC +1, +3% HP)
A demonic guardian rushes to your aid.
A meltable icy envelope protects you from harm. (AC +4)
A meltable shield of frost defends you. (SH +4)
You have a small tail.


Message History

The orc knight roars a battlecry!
The orc warriors go into a battle-frenzy!
There is a stone staircase leading down here.
The orc warrior barely misses you.
The orc knight hits you with a +0 dire flail!
* * * LOW HITPOINT WARNING * * *
The orc warrior closely misses you.
You climb downwards.
You hear the roar of battle.
There is an entrance to a bailey on this level.
Hurry and find it before the portal closes forever!
The centaur warrior shouts!
You hear an angry hiss.
You hear a shout!
Found 10 gold pieces and a runed orcbow.
Found a runed translucent gate.
There is a stone staircase leading up here.
Okay, then.
You hit the orc knight.
The orc knight is lightly wounded.
The orc knight hits you but does no damage.
The orc warrior completely misses you.
You closely miss the orc knight.
The orc knight is lightly wounded.
The two-headed ogre shouts in stereo!
You hear an angry buzzing noise.
The orc knight hits you with a +0 dire flail!
* * * LOW HITPOINT WARNING * * *
A demonic guardian appears!
The orc warrior misses you.
You hit the orc knight but do no damage.
The orc knight is lightly wounded.
The orc knight hits you but does no damage.
The orc warrior hits you with a +0 flail.
* * * LOW HITPOINT WARNING * * *
You hit the orc knight.
Your tail-slap misses the orc knight.
The orc knight is lightly wounded.
The orc knight hits you but does no damage.
You block the orc warrior's attack.
Your rust devil hits the orc knight.
Your rust devil corrodes the orc knight!
You bludgeon the orc knight!!
The orc knight is moderately wounded.
The orc knight misses you.
The orc warrior hits you with a +0 flail!
You die...

.##.. .... ...
..# + ##..# ...
##...#....
######o.o.#.#.D
......4@..#y.#
..........#O#..
..........#c.$)
..........# ...
..........# #
#######+...
.... #####


You could see an orc knight (corroded, ally target), a centaur warrior, a
two-headed ogre, a steam dragon, an orc warrior (strong), a killer bee and a
friendly rust devil (summoned).

Vanquished Creatures
  Grinder (D:3)
  A black bear (D:5)
  2 sky beasts
  An ice beast (D:7)
  A wight (D:8)
  5 howler monkeys
  4 jellies
  Crazy Yiuf (D:3)
  2 orc priests
  4 hounds
  A gnoll bouda (D:6)
  Jessica (D:3)
  4 iguanas
  6 orc wizards
  Ijyb (D:3)
  13 gnolls
  8 adders
  5 ufetubi
  A ribbon worm (D:3)
  4 dart slugs
  22 orcs
  8 endoplasms
  9 giant cockroaches
  11 goblins
  6 hobgoblins
  2 jackals (D:2)
  3 kobolds
  3 quokkas
  3 ball pythons
  7 bats
  8 frilled lizards
  5 rats
153 creatures vanquished.

Vanquished Creatures (collateral kills)
  A sky beast (D:6)
  A wight (D:8)
  An iguana (D:4)
  A gnoll (D:4)
  An ufetubus (D:5)
5 creatures vanquished.

Grand Total: 158 creatures vanquished

Notes
Turn   | Place    | Note
-------+----------+-------------------------------------------
     0 | D:1      | Dadi the Demonspawn Gladiator began the quest for the Orb.
     0 | D:1      | Reached XP level 1. HP: 16/16 MP: 1/1
   183 | D:1      | Gained mutation: You have a small tail. [demonic ancestry]
   183 | D:1      | Reached XP level 2. HP: 23/23 MP: 2/2
   389 | D:1      | You fall into a shaft and drop 1 floor!
   679 | D:1      | Reached XP level 3. HP: 29/29 MP: 3/3
  1505 | D:2      | Gained mutation: A weak demonic guardian rushes to your
                  | aid. [demonic ancestry]
  1505 | D:2      | Reached XP level 4. HP: 29/37 MP: 4/4
  1867 | D:3      | Noticed Grinder
  1873 | D:3      | Paralysed by Grinder for 3 turns
  1881 | D:3      | Noticed Jessica
  2013 | D:3      | Killed Jessica
  2014 | D:3      | Reached skill level 5 in Fighting
  2086 | D:3      | Reached XP level 5. HP: 44/44 MP: 5/5
  2153 | D:3      | Found a stormy altar of Qazlal.
  2153 | D:3      | Noticed a sky beast
  2154 | D:3      | Noticed Ijyb
  2474 | D:4      | Gained mutation: You are partially covered in rugged brown
                  | scales. (AC +1, +3% HP) [demonic ancestry]
  2474 | D:4      | Reached XP level 6. HP: 35/53 MP: 6/6
  2482 | D:4      | Reached skill level 3 in Maces & Flails
  2728 | D:4      | Found a runed translucent gate.
  2728 | D:4      | Found a runed translucent gate.
  2728 | D:4      | Found a runed translucent gate.
  2732 | D:4      | Noticed Route97's ghost (amateur OpFE)
  3123 | D:4      | Found a hide-covered altar of Uskayaw.
  3251 | D:5      | Entered Level 5 of the Dungeon
  3435 | D:3      | Found a radiant altar of Vehumet.
  3741 | D:5      | Reached skill level 4 in Maces & Flails
  3751 | D:5      | Gained mutation: A meltable shield of frost defends you.
                  | (SH +4) [demonic ancestry]
  3751 | D:5      | Reached XP level 7. HP: 56/60 MP: 7/7
  3818 | D:5      | Found an iron altar of Okawaru.
  3827 | D:5      | Became a worshipper of Warmaster Okawaru
  4075 | D:3      | Killed Ijyb
  4076 | D:3      | Reached skill level 5 in Maces & Flails
  4437 | D:3      | Found a runed translucent door.
  4438 | D:3      | Noticed Crazy Yiuf
  4444 | D:3      | Killed Crazy Yiuf
  4529 | D:3      | Killed Grinder
  4530 | D:3      | Reached skill level 6 in Maces & Flails
  4530 | D:3      | Gained mutation: A demonic guardian rushes to your aid.
                  | [demonic ancestry]
  4530 | D:3      | Reached XP level 8. HP: 43/69 MP: 8/8
  4771 | D:5      | Found a sparkling altar of Nemelex Xobeh.
  5382 | D:6      | Reached skill level 7 in Maces & Flails
  5579 | D:6      | Found a bloodstained altar of Trog.
  5581 | D:6      | Reached * piety under Okawaru
  5589 | D:6      | Found a sacrificial altar of Ru.
  5770 | D:6      | Fell from the grace of Okawaru
  5770 | D:6      | Became a worshipper of Trog the Wrathful
  6081 | D:6      | Noticed a cyclops
  6081 | D:6      | Noticed a cyclops
  6143 | D:6      | Noticed a merfolk javelineer
  6143 | D:6      | Noticed a merfolk
  6143 | D:6      | Noticed a merfolk
  6143 | D:6      | Noticed a merfolk impaler
  6143 | D:6      | Noticed a merfolk
  6143 | D:6      | Noticed a merfolk
  6143 | D:6      | Noticed a merfolk
  6143 | D:6      | Noticed a merfolk
  6176 | D:7      | Reached skill level 8 in Maces & Flails
  6451 | D:7      | Noticed a merfolk javelineer
  6451 | D:7      | Noticed a merfolk
  6451 | D:7      | Noticed a merfolk
  6476 | D:8      | Reached skill level 9 in Maces & Flails
  6544 | D:8      | Gained mutation: A meltable icy envelope protects you from
                  | harm. (AC +4) [demonic ancestry]
  6544 | D:8      | Reached XP level 9. HP: 65/74 MP: 7/9
  6577 | D:8      | Noticed a minotaur
  6577 | D:8      | Noticed an orc knight
  6577 | D:8      | Noticed an orc sorcerer
  6581 | D:8      | HP: 1/74 [orc knight/+0 dire flail[the fury of Okawaru]
                  | (4)]
  6723 | D:8      | Noticed a merfolk impaler
  6723 | D:8      | Noticed a merfolk
  6723 | D:8      | Noticed a merfolk
  6723 | D:8      | Noticed an orc knight
  6729 | D:9      | Noticed a centaur warrior
  6729 | D:9      | Found a runed translucent gate.
  6730 | D:9      | Noticed a two-headed ogre
  6734 | D:9      | Slain by an orc warrior

Illustrated notes

Levels and vault maps discovered:
D:1:      dpeg_arrival_renting, layout_basic
D:2:      minmay_inner_zag, layout_loops_ring, serial_rivers,
          chequers_serial_rivers_micro_a, chequers_serial_rivers_room_b,
          chequers_serial_rivers_micro_c, chequers_serial_rivers_small_b,
          corexii_item_surrounded_by_moat
D:3:      layout_rooms, nicolae_qazlal_beasts_of_the_sky,
          nicolae_overflow_hidden_temple, uniq_ijyb, uniq_crazy_yiuf_cottage,
          uniq_grinder, uniq_jessica
D:4:      layout_cave_pods, mainiacjoe_overflow_cross_hatched,
          ebering_ghost_rock_garden
D:5:      layout_gridville, mainiacjoe_overflow_alcove_4, marbit_many_paths
D:6:      layout_rooms, jmf_multi_god_temple, serial_rivers,
          chequers_serial_rivers_room_a, chequers_serial_rivers_micro_e,
          chequers_serial_rivers_large_a, chequers_serial_rivers_large_b
D:7:      layout_basic, lemuel_coloured_pillars_altar,
          minmay_temple_entry_drinking_statues, uniq_prince_ribbit1
D:8:      layout_loops_ring, general_overflow_altar,
          gammafunk_temple_overflow_claw, serial_shops, nicolae_shop_trees,
          gammafunk_ghost_spectres, uniq_grum
D:9:      layout_roguey, grunt_lair_entry_orc_guard_hut, enter_bailey_5,
          serial_shops, shop_statue, gammafunk_ghost_split, lightli_wizard_tower

Skill      XL: |  1  2  3  4  5  6  7  8 |
---------------+-------------------------+-----
Fighting       | 3 4 5 6 7 |  7.0
Maces & Flails | 4 6 9 |  9.3
Throwing       | |  1.7
Dodging        | |  2.6

Action                     |  1- 3 |  4- 6 |  7- 9 || total
---------------------------+-------+-------+-------++-------
  Melee: Spear             |   141 |    18 |       ||   159
         Flail             |     9 |   140 |       ||   149
         Tailslap          |     5 |    18 |    35 ||    58
         Punch             |     1 |       |     6 ||     7
         Morningstar       |       |    19 |   265 ||   284
  Throw: Javelin           |     1 |       |       ||     1
         Throwing net      |       |     2 |       ||     2
    Use: Scroll            |       |       |     9 ||     9
   Stab: Distracted        |       |     1 |       ||     1
 Armour: Leather armour    |    10 |       |       ||    10
         Scale mail        |    52 |   155 |   281 ||   488
  Dodge: Dodged            |    80 |   148 |   188 ||   416
  Block: Other             |       |       |    54 ||    54
